 Dungeon Crawl Stone Soup version 0.25-a0-420-g1cc7eeb0d1 (webtiles) character file.

Game seed: 231486768090234110, levelgen mode: deterministic

10460 tilp the Zephyrmancer (level 11, -8/67 (68) HPs)
             Began as a Tengu Air Elementalist on Jan 17, 2020.
             Was an Elder of Zin.
             Splashed by an oklob plant's acid (14 damage)
             ... on level 11 of the Dungeon on Jan 18, 2020.
             The game lasted 00:46:10 (16443 turns).

tilp the Zephyrmancer (Tengu Air Elementalist)     Turns: 16443, Time: 00:46:11

HP:   -8/67 (68)    AC:  1    Str:  9    XL:     11   Next: 62%
MP:   20/20         EV: 23    Int: 18    God:    Zin [****..]
Gold: 48            SH:  6    Dex: 15    Spells: 2/20 levels left

rFire    + . .     SeeInvis .   a - +6 dagger (venom)
rCold    . . .     Gourm    .   (no shield)
rNeg     . . .     Faith    .   F - +5 robe of the Original Sin {rF+}
rPois    .         Spirit   .   (helmet restricted)
rElec    .         Reflect  +   M - +0 cloak
rCorr    .         Harm     .   Q - +0 pair of gloves
MR       .....                  (boots unavailable)
Stlth    ++........             H - +6 amulet of reflection
HPRegen  0.21/turn              p - ring of wizardry
MPRegen  0.17/turn              (no ring)

@: corroded, flying quickly and evasively, quick
A: beak, talons 3, able to fly
a: Stop Flying, Recite, Vitalisation, Imprison, Donate Gold, Renounce Religion


You were on level 11 of the Dungeon.
You worshipped Zin.
Zin was greatly pleased with you.
You were not hungry.

You visited 2 branches of the dungeon, and saw 12 of its levels.

You collected 740 gold pieces.
You spent 646 gold pieces at shops.
You donated 46 gold pieces to Zin.

Inventory:

Hand Weapons
 a - a +6 dagger of venom (weapon)
 b - a +1 long sword of holy wrath
 B - a +0 war axe
 D - a +0 morningstar
 N - a +0 vampiric short sword
Missiles
 f - 11 javelins
 h - 5 boomerangs of dispersal
 j - 240 stones
 v - 102 sling bullets
 x - 23 poisoned darts
 y - 2 throwing nets
 z - 5 curare-tipped darts (quivered)
 A - 4 boomerangs
 P - 7 atropa-tipped darts
Armour
 F - the +5 robe of the Original Sin (worn) {rF+}
   (You found it on level 5 of the Dungeon)

   It protects you from fire.
 M - a +0 cloak (worn)
 Q - a +0 pair of gloves (worn)
Magical Staves
 C - an uncursed staff of wizardry
Jewellery
 p - a ring of wizardry (left hand)
 H - a +6 amulet of reflection (around neck)
Wands
 s - a wand of random effects (14)
 I - a wand of acid (2)
Scrolls
 g - 3 scrolls of enchant weapon
 i - a scroll of identify
 k - 10 scrolls of remove curse
 o - 3 scrolls of fog
 q - 3 scrolls of teleportation
 r - 3 scrolls of magic mapping
 t - a scroll of enchant armour {unknown}
 K - a scroll of blinking {unknown}
 L - 2 scrolls of immolation
Potions
 d - a potion of ambrosia
 e - 2 potions of curing
 l - a potion of agility
 m - 2 potions of might
 n - 3 potions of haste
 u - a potion of berserk rage
 w - 4 potions of mutation
 E - 2 potions of invisibility
 G - a potion of brilliance
 J - a potion of magic {unknown}
 R - a potion of heal wounds
Miscellaneous
 O - a phial of floods (inert)
Comestibles
 c - 10 rations


   Skills:
 - Level 8.1 Fighting
 - Level 10.0 Dodging
 - Level 2.0 Stealth
 + Level 5.4 Spellcasting
 - Level 8.0 Conjurations
 + Level 2.8 Translocations
 + Level 10.8 Air Magic
 - Level 4.0 Invocations
 - Level 4.0 Evocations


You had 2 spell levels left.
You knew the following spells:

 Your Spells              Type           Power        Failure   Level  Hunger
a - Shock                 Conj/Air       ####         1%          1    None
b - Swiftness             Chrm/Air       ###.....     1%          2    #......
c - Static Discharge      Conj/Air       #####...     1%          3    ##.....
d - Airstrike             Air            #####.....   1%          4    ####...
e - Ozocubu's Armour      Chrm/Ice       #.......     16%         3    ##.....
f - Mephitic Cloud        Conj/Pois/Air  ####....     1%          3    ##.....
g - Blink                 Tloc           N/A          2%          2    #......

Your spell library contained the following spells:

 Spells                   Type           Power        Failure   Level  Hunger
 Foxfire                  Conj/Fire      ###.         1%          1    None
 Magic Dart               Conj           ####         1%          1    None
 Beastly Appendage        Tmut           #.....       5%          1    None
 Freeze                   Ice            #...         5%          1    None
 Summon Small Mammal      Summ           #...         5%          1    None
 Call Imp                 Summ           #.......     8%          2    #......
 Slow                     Hex            #.......     8%          2    #......
 Sticks to Snakes         Tmut           #.......     8%          2    #......
 Conjure Flame            Conj/Fire      ###.....     3%          3    ##.....
 Lightning Bolt           Conj/Air       #####.....   3%          5    ######.
 Summon Lightning Spire   Summ/Air       ###.....     6%          4    ####...
 Hailstorm                Conj/Ice       ###.....     10%         4    ####...
 Sticky Flame             Conj/Fire      ###.....     10%         4    ####...
 Call Canine Familiar     Summ           #.......     16%         3    ##.....
 Inner Flame              Hex/Fire       #.......     16%         3    ##.....
 Spider Form              Tmut/Pois      #.........   16%         3    ##.....
 Summon Guardian Golem    Hex/Summ       #.......     16%         3    ##.....
 Fireball                 Conj/Fire      ###.......   26%         5    ######.
 Ice Form                 Ice/Tmut       #.......     43%         4    ####...
 Summon Ice Beast         Ice/Summ       #.......     43%         4    ####...
 Blade Hands              Tmut           #.........   77%         5    ######.


Dungeon Overview and Level Annotations

Branches:
Dungeon (11/15)            Temple (1/1) D:7            Lair (0/6) D:11
    Orc: D:9-12

Altars:
Ashenzari
Cheibriados
Dithmenos
Elyvilon
Fedhas
Gozag
Hepliaklqana
Kikubaaqudgha
Makhleb
Nemelex Xobeh
Okawaru
Qazlal
Ru
Sif Muna
Trog
Uskayaw
Vehumet
Wu Jian
Xom
Yredelemnul
Zin
The Shining One

Shops:
D:4 ?   D:7 :   D:9 ?

Annotations:
D:11 exclusion: oklob plant


Innate Abilities, Weirdness & Mutations

You have a beak for a mouth.
You have claws for feet.
You can fly continuously.


Message History

The oklob plant is lightly damaged.
You hit the oklob plant.
The oklob plant looks as sick as possible!
You claw the oklob plant, but do no damage.
The oklob plant is moderately damaged.
The oklob plant spits acid at you. The splash of acid hits you!
* * * LOW HITPOINT WARNING * * *
The acid corrodes you!
You are splashed with acid!!
Zin protects you from harm!
You hit the oklob plant.
The oklob plant is heavily damaged.
Unknown command.
You hit the oklob plant but do no damage.
The oklob plant is heavily damaged.
The oklob plant spits acid at you. The splash of acid hits you!
* * * LOW HITPOINT WARNING * * *
You are splashed with acid!
You die...

#[##........##.# #.#####....
#.##......###..####.......#.#
#.##.#...#...........######.#
#.............###....# #.#
####.####..#...≈...#.# ####.#
##.## ###..#^..#..####.##..
#######...#####.##.P.##.###...##.
[.............#..PPPPP..#..)...#.
####.##...##.##≈@PP>PP.≈###...##.
#.###.###.##(.PPPP$..# ##.....
#.# #...[.##.##.PP##.# ##.###
#.###.##..##..#...#..## #.#
#.........#.#...≈...#.# #.#
#####..........###....# #.#
####.##...........# #.#
#.######.##.#### #.# #.#
##......# #.#


You could see an oklob plant.

Vanquished Creatures
  A hydra (D:11)
  4 centaur zombies
  Joseph (D:7)
  A komodo dragon (D:11)
  A queen bee (D:10)
  3 hippogriffs
  A vampire (D:11)
  Sigmund (D:3)
  3 yaks (D:10)
  The ghost of tirgate the Slasher, an amateur MiFi of Trog (D:3)
  A hungry ghost (D:8)
  The ghost of sankara the Grave Robber, an amateur DsNe (D:3)
  Edmund (D:6)
  2 water moccasins
  2 ice beasts
  2 black bears
  2 necrophages
  8 orc warriors
  A phantom (D:7)
  7 ogres
  A sky beast (D:10)
  The ghost of kae the Gusty, an amateur DrAE of Vehumet (D:3)
  2 centaurs
  4 bullfrogs
  2 big kobolds
  7 scorpions
  13 killer bees (D:10)
  7 howler monkeys
  4 electric eels (D:9)
  6 crimson imps
  3 jellies
  4 bullfrog zombies
  9 orc priests
  2 bullfrog skeletons
  2 hounds (D:9)
  A gnoll shaman (D:10)
  Natasha (thrice) (D:3)
  Terence (D:2)
  5 iguanas
  12 orc wizards
  7 worker ants
  A killer bee zombie (D:9)
  A hound zombie (D:9)
  3 worker ant zombies
  Robin (D:3)
  2 howler monkey skeletons
  9 adders
  8 gnolls
  3 shadow imps
  An ooze (D:3)
  An adder skeleton (D:4)
  2 adder zombies (D:6)
  2 worms
  3 dart slugs
  5 leopard geckos
  48 orcs
  A ball python (D:1)
  7 giant cockroaches
  9 goblins
  10 hobgoblins
  12 jackals
  5 quokkas
  7 bats
  8 frilled lizards
  21 kobolds
  A leopard gecko zombie (D:6)
  2 quokka skeletons
  5 rats
318 creatures vanquished.

Vanquished Creatures (others)
  A kobold (D:9)
  9 plants (D:4)
10 creatures vanquished.

Grand Total: 328 creatures vanquished

Notes
Turn   | Place    | Note
-------+----------+-------------------------------------------
     0 | D:1      | tilp the Tengu Air Elementalist began the quest for the
                  | Orb.
     0 | D:1      | Reached XP level 1. HP: 10/10 MP: 4/4
   263 | D:1      | Reached XP level 2. HP: 15/15 MP: 0/6
   702 | D:1      | Reached XP level 3. HP: 19/19 MP: 3/7
  1212 | D:2      | Learned a level 2 spell: Swiftness
  1216 | D:2      | Learned a level 3 spell: Static Discharge
  1512 | D:2      | Reached XP level 4. HP: 24/24 MP: 6/8
  1716 | D:2      | You fall into a shaft and drop 2 floors!
  1730 | D:4      | Reached skill level 5 in Conjurations
  1730 | D:4      | Reached skill level 5 in Air Magic
  1912 | D:4      | Gained mutation: You can fly continuously. [Tengu growth]
  1912 | D:4      | Reached XP level 5. HP: 28/28 MP: 3/9
  2216 | D:4      | Found Cicua's Magic Scroll Emporium.
  2229 | D:4      | Bought a scroll of remove curse for 30 gold pieces
  2229 | D:4      | Bought a scroll of identify for 20 gold pieces
  2229 | D:4      | Bought a scroll of teleportation for 30 gold pieces
  2432 | D:3      | Noticed Robin
  2435 | D:3      | Killed Robin
  2674 | D:3      | Noticed Natasha
  2687 | D:3      | Killed Natasha
  2766 | D:3      | Found a glowing golden altar of the Shining One.
  2963 | D:3      | Noticed Sigmund
  2985 | D:3      | Noticed Natasha
  2996 | D:3      | Killed Natasha
  3148 | D:3      | Noticed Natasha
  3152 | D:3      | Killed Natasha
  3152 | D:3      | Reached XP level 6. HP: 29/32 MP: 4/10
  3599 | D:2      | Noticed Terence
  4123 | D:3      | Found a runed translucent gate.
  4123 | D:3      | Found a runed translucent gate.
  4125 | D:3      | Found a runed translucent gate.
  4127 | D:3      | Noticed sankara's ghost (amateur DsNe)
  4127 | D:3      | Noticed kae's ghost (amateur DrAE)
  4128 | D:3      | Noticed tirgate's ghost (amateur MiFi)
  4268 | D:3      | Reached skill level 1 in Fighting
  4991 | D:4      | Reached XP level 7. HP: 31/40 MP: 3/11
  5282 | D:5      | Entered Level 5 of the Dungeon
  5283 | D:5      | Upgraded the game from 0.25-a0-419-g7650d0de75 to
                  | 0.25-a0-420-g1cc7eeb0d1
  5361 | D:5      | Got an ominously black robe
  5362 | D:5      | Identified the +5 robe of the Original Sin {rF+} (You found
                  | it on level 5 of the Dungeon)
  5690 | D:5      | Learned a level 4 spell: Airstrike
  6010 | D:5      | Reached skill level 5 in Dodging
  6480 | D:5      | Reached XP level 8. HP: 48/48 MP: 7/12
  6911 | D:6      | Reached skill level 1 in Evocations
  7725 | D:6      | Noticed Edmund
  7787 | D:6      | Killed Edmund
  7787 | D:6      | Reached XP level 9. HP: 37/52 MP: 1/14
  8445 | D:6      | Learned a level 3 spell: Ozocubu's Armour
  8917 | D:7      | Noticed Joseph
  9021 | D:7      | Killed Joseph
  9021 | D:7      | Reached skill level 5 in Fighting
  9025 | D:7      | Found Liesaviu's Book Shop.
  9161 | D:7      | Bought a book of Minor Magic for 200 gold pieces
  9164 | D:7      | Learned a level 2 spell: Blink
  9292 | D:7      | Found a staircase to the Ecumenical Temple.
  9324 | Temple   | Entered the Ecumenical Temple
  9423 | Temple   | Became a worshipper of Zin the Law-Giver
  9423 | Temple   | Reached * piety under Zin
 10169 | D:8      | Reached ** piety under Zin
 10295 | D:8      | Reached XP level 10. HP: 60/60 MP: 5/17
 11014 | D:9      | Found a hazy altar of Hepliaklqana.
 11265 | D:9      | Reached *** piety under Zin
 11875 | D:9      | Found Yskud's Magic Scroll Emporium.
 12150 | D:10     | Entered Level 10 of the Dungeon
 12952 | D:10     | Reached skill level 10 in Dodging
 13005 | D:10     | Reached skill level 1 in Invocations
 13340 | D:10     | Reached XP level 11. HP: 68/68 MP: 8/18
 13426 | D:10     | Learned a level 3 spell: Mephitic Cloud
 14027 | D:7      | Bought a book of Callings for 300 gold pieces
 14189 | D:2      | Killed Terence
 14357 | D:3      | Killed Sigmund
 14476 | D:3      | Killed sankara's ghost
 14484 | D:3      | Killed tirgate's ghost
 14484 | D:3      | Reached skill level 10 in Air Magic
 14492 | D:3      | Killed kae's ghost
 14664 | D:9      | Bought a scroll of identify for 24 gold pieces
 14664 | D:9      | Bought a scroll of immolation for 42 gold pieces
 14794 | D:11     | Reached skill level 1 in Translocations
 14891 | D:11     | Reached **** piety under Zin
 14896 | D:11     | Noticed a seven-headed hydra
 15552 | D:11     | Reached skill level 5 in Spellcasting
 15854 | D:11     | Noticed an oklob plant
 15894 | D:11     | Found a staircase to the Lair.
 16067 | D:11     | Killed a seven-headed hydra
 16441 | D:11     | Zin protects you from harm!
 16443 | D:11     | Splashed by an oklob plant's acid

Levels and vault maps discovered:
D:1:      zelgadis_glass_arrival_small, layout_loops_ring
D:2:      layout_basic, uniq_terence
D:3:      layout_basic, old_standard_altar, gammafunk_ghost_cemetery,
          uniq_robin, uniq_sigmund, uniq_natasha
D:4:      layout_loops_ring, serial_shops, shop, serial_bayou,
          serial_bayou_ford_a, serial_bayou_pond_a, serial_bayou_pond_c,
          serial_bayou_pond_e
D:5:      layout_loops_ring, first_ration
D:6:      layout_rooms, minmay_unpleasant_kobolds, uniq_edmund
D:7:      layout_cave_pools, minmay_temple_entry_sparse_star, serial_shops,
          nicolae_shop_trees, serial_column_ruins, column_ruins_columns_corner,
          column_ruins_grid_1, column_ruins_corridor_dead_end,
          column_ruins_open_small_water, column_ruins_grid_1, uniq_joseph
D:8:      layout_basic, minmay_misc_feat_tiny
D:9:      layout_basic, serial_shops, nicolae_shop_trees, basic_altar,
          nrook_uturn, serial_bayou_lagoon_b
D:10:     layout_stronghold, david_nohive_1
D:11:     layout_loops_corners, dpeg_oklobed_lair
Temple:   grunt_wide_crystal_templ

Skill      XL: |  1  2  3  4  5  6  7  8  9 10 11 |
---------------+----------------------------------+-----
Conjurations   | 2 3 4 5 6 7 8 |  8.0
Air Magic      | 5 6 8 10 | 10.8
Fighting       | 2 4 6 8 |  8.1
Dodging        | 3 5 6 8 10 | 10.0
Evocations     | 4 |  4.0
Spellcasting   | 3 4 5 |  5.4
Invocations    | 4 |  4.0
Translocations | 2 |  2.8
Stealth        | |  2.0

Action                   |  1- 3 |  4- 6 |  7- 9 | 10-12 || total
-------------------------+-------+-------+-------+-------++-------
Melee: Whip              |     3 |       |       |       ||     3
       Short sword       |     1 |    21 |    40 |       ||    62
       Peck              |       |     4 |     9 |    53 ||    66
       Kick              |       |     1 |    14 |    90 ||   105
       Long sword        |       |       |     6 |     8 ||    14
       Dagger            |       |       |     2 |   308 ||   310
Throw: Dart              |       |     7 |    11 |     9 ||    27
 Cast: Shock             |    55 |   155 |   210 |   116 ||   536
       Static Discharge  |       |     5 |       |       ||     5
       Airstrike         |       |       |    47 |    54 ||   101
       Ozocubu's Armour  |       |       |       |     2 ||     2
Invok: Recite            |       |       |       |     1 ||     1
 Abil: Fly               |       |     1 |       |       ||     1
Evoke: Wand              |       |       |       |     3 ||     3
       Phial of floods   |       |       |       |     1 ||     1
  Use: Scroll            |       |     6 |    10 |     7 ||    23
       Potion            |       |     1 |       |     2 ||     3
 Stab: Sleeping          |     1 |     3 |       |     5 ||     9
  Eat: Chunk             |     3 |    13 |    19 |    13 ||    48
       Ration            |       |       |     2 |     5 ||     7
Armor: Robe              |     1 |     3 |    14 |    34 ||    52
Dodge: Dodged            |     7 |    35 |    65 |   245 ||   352
Block: Other             |       |       |    16 |    80 ||    96
       Reflection        |       |       |     2 |     1 ||     3
       Rpst.: Long sword |       |       |     1 |     2 ||     3

Table legend:
 A = Non-vault XP
 B = Vault XP
 C = Vault XP percentage of total XP
 D = Non-vault monster count
 E = Vault monster count
 F = Vault count percentage of total count
                 A         B        C        D         E       F
            +---------+---------+-------+---------+---------+-------
      Total |   12340 |    2603 |  17.4 |     280 |      39 |  12.2
            +---------+---------+-------+---------+---------+-------
        D:1 |      42 |       0 |   0.0 |      27 |       0 |   0.0
        D:2 |      69 |      36 |  34.3 |      18 |       1 |   5.3
        D:3 |     141 |     761 |  84.4 |      17 |      13 |  43.3
        D:4 |     326 |       5 |   1.5 |      28 |       3 |   9.7
        D:5 |     612 |       0 |   0.0 |      17 |       0 |   0.0
        D:6 |    1385 |     263 |  16.0 |      35 |       7 |  16.7
        D:7 |     636 |     434 |  40.6 |      20 |       1 |   4.8
        D:8 |    1148 |       0 |   0.0 |      25 |       0 |   0.0
        D:9 |    1014 |       0 |   0.0 |      26 |       0 |   0.0
       D:10 |    3246 |    1104 |  25.4 |      36 |      14 |  28.0
       D:11 |    3721 |       0 |   0.0 |      31 |       0 |   0.0
            +---------+---------+-------+---------+---------+-------
